3A
NEBRASKA PLAINSMEN @ MANCELONA TORCH
08/30/2032
 
TOP OF THE 1ST
Nebraska Plainsmen batting - Pitching for Mancelona Torch : LHP Otton Brouwer
Pitching: LHP Otton Brouwer
Batting: LHB Nathan Housden 0-0: DOUBLE (Line Drive, 78D)
Batting: RHB Troy Ross 0-0: Swinging Strike
0-1: Ball
Wild Pitch!
Nathan Housden to third
1-1: Ball
2-1: Called Strike
2-2: Ball
3-2: Foul Ball, location: 2F
3-2: Fly out, F9 (Line Drive, 9D)
Runner from 3rd tags up, SCORES, no throw
Batting: RHB Tatsui Murakami 0-0: Ball
1-0: Foul Ball, location: 2F
1-1: Called Strike
1-2: Fly out, F8 (Flyball, 8RD)
Batting: RHB Diego Martínez 0-0: Ball
1-0: Ball
2-0: Foul Ball, location: 2F
2-1: SINGLE (Line Drive, 5)
Batting: SHB Jorge Iglésias 0-0: Called Strike
0-1: Ball
1-1: Ball
2-1: Called Strike
2-2: Foul Ball, location: 2F
2-2: Ball
3-2: Foul Ball, location: 2F
3-2: Base on Balls
Diego Martínez to second
Batting: RHB Gary Mosley 0-0: Ball
1-0: Foul Ball, location: 2F
1-1: Fly out, F7 (Flyball, 7LS)
Top of the 1st over - 1 run, 2 hits, 0 errors, 2 left on base; Nebraska 1 - Mancelona 0
BOTTOM OF THE 1ST
Mancelona Torch batting - Pitching for Nebraska Plainsmen : RHP Nate Jackson
Pitching: RHP Nate Jackson
Batting: SHB Ángel Pérez 0-0: Ball
1-0: Ball
2-0: Foul Ball, location: 2F
2-1: Swinging Strike
2-2: Strikes out swinging
Batting: LHB Marcus Shill 0-0: Foul Ball, location: 2F
0-1: Ball
1-1: Hit by Pitch
Batting: LHB Badry Maksimenov 0-0: Foul Ball, location: 2F
0-1: Foul Ball, location: 2F
0-2: Ball
1-2: Foul Ball, location: 2F
1-2: Ball
2-2: 2-RUN HOME RUN (Flyball, 9D), Distance : 382 ft
Batting: LHB Xuan-ling Chen 0-0: Foul Ball, location: 2F
0-1: Swinging Strike
0-2: Strikes out swinging
Batting: SHB Henrique de Senna Fernandes 0-0: Ball
1-0: Fly out, F9 (Flyball, 9LDF)
Bottom of the 1st over - 2 runs, 1 hit, 0 errors, 0 left on base; Nebraska 1 - Mancelona 2
TOP OF THE 2ND
Nebraska Plainsmen batting - Pitching for Mancelona Torch : LHP Otton Brouwer
Batting: SHB Roger Dorn 0-0: Ball
1-0: SINGLE (Flyball, 3D)
Batting: RHB Tomas van Noord 0-0: Ball
1-0: Ball
2-0: Ball
3-0: Called Strike
3-1: Foul Ball, location: 2F
3-2: Fly out, F5 (Line Drive, 5)
Batting: SHB Amadeo Álvarez 0-0: Ball
Wild Pitch!
Roger Dorn to second
1-0: Ground out 4-3 (Groundball, 4)
Roger Dorn to third
Batting: LHB Nathan Housden 0-0: Ground out 3-1 (Groundball, 34)
Top of the 2nd over - 0 runs, 1 hit, 0 errors, 1 left on base; Nebraska 1 - Mancelona 2
BOTTOM OF THE 2ND
Mancelona Torch batting - Pitching for Nebraska Plainsmen : RHP Nate Jackson
Batting: RHB Jur Prokop 0-0: Ball
1-0: Ground out 1-3 (Groundball, 15S)
Batting: RHB Bryan Uchacz 0-0: Called Strike
0-1: Swinging Strike
0-2: Ground out 5-3 (Groundball, 56D)
Batting: RHB Ratko Ralevic 0-0: Ground out 4-3 (Groundball, 4)
Bottom of the 2nd over - 0 runs, 0 hits, 0 errors, 0 left on base; Nebraska 1 - Mancelona 2
TOP OF THE 3RD
Nebraska Plainsmen batting - Pitching for Mancelona Torch : LHP Otton Brouwer
Batting: RHB Troy Ross 0-0: Ball
1-0: Swinging Strike
1-1: Ball
2-1: Ball
3-1: Base on Balls
Batting: RHB Tatsui Murakami 0-0: Ball
1-0: Foul Ball, location: 2F
1-1: Ball
2-1: Called Strike
2-2: Foul Ball, location: 2F
2-2: Foul Ball, location: 2F
2-2: Foul Ball, location: 2F
2-2: Ball
3-2: Base on Balls
Troy Ross to second
Batting: RHB Diego Martínez 0-0: Fielders Choice at 2nd, 5-4 (Groundball, 56)
Troy Ross to third
Batting: SHB Jorge Iglésias 0-0: Called Strike
0-1: Grounds into double play, 6-4-3 (Groundball, 6)
Top of the 3rd over - 0 runs, 0 hits, 0 errors, 1 left on base; Nebraska 1 - Mancelona 2
BOTTOM OF THE 3RD
Mancelona Torch batting - Pitching for Nebraska Plainsmen : RHP Nate Jackson
Batting: RHB Vilhelm Loyen 0-0: Ball
1-0: Ground out 4-3 (Groundball, 4)
Batting: SHB Ángel Pérez 0-0: Ground out 4-3 (Groundball, 34D)
Batting: LHB Marcus Shill 0-0: Ball
1-0: Ball
2-0: Foul Ball, location: 2F
2-1: Called Strike
2-2: Strikes out swinging
Bottom of the 3rd over - 0 runs, 0 hits, 0 errors, 0 left on base; Nebraska 1 - Mancelona 2
TOP OF THE 4TH
Nebraska Plainsmen batting - Pitching for Mancelona Torch : LHP Otton Brouwer
Batting: RHB Gary Mosley 0-0: Foul Ball, location: 2F
0-1: SINGLE (Groundball, 56D)
Batting: SHB Roger Dorn 0-0: Ball
1-0: Fielders Choice at 2nd, 6-4 (Groundball, 6)
Batting: RHB Tomas van Noord 0-0: Ball
1-0: Ball
2-0: Called Strike
2-1: Ball
3-1: SINGLE (Groundball, 6MD)
Roger Dorn to second
Batting: SHB Amadeo Álvarez 0-0: Called Strike
0-1: Ball
1-1: Fly out, F9 (Flyball, 89M)
Batting: LHB Nathan Housden 0-0: Ball
1-0: Ball
2-0: Foul Ball, location: 2F
2-1: Foul Ball, location: 2F
2-2: Foul Ball, location: 2F
2-2: SINGLE (Groundball, 4MD)
Roger Dorn to third
Tomas van Noord to second
Runner from 3rd tries for Home, SAFE, throw made home
Batting: RHB Troy Ross 0-0: Ball
1-0: Foul Ball, location: 2F
1-1: Foul Ball, location: 2F
1-2: Foul Ball, location: 2F
1-2: Foul Ball, location: 2F
1-2: Ball
2-2: Foul Ball, location: 2F
2-2: Foul Ball, location: 2F
2-2: Foul Ball, location: 2F
2-2: Ball
3-2: Base on Balls
Tomas van Noord to third
Nathan Housden to second
Batting: RHB Tatsui Murakami 0-0: Called Strike
0-1: Called Strike
0-2: Ball
1-2: Foul Ball, location: 2F
1-2: Ball
2-2: SINGLE (Groundball, 56D)
Tomas van Noord scores
Nathan Housden to third
Troy Ross to second
Runner from 3rd tries for Home, SAFE, no throw
Batting: RHB Diego Martínez 0-0: Ball
1-0: Swinging Strike
1-1: Called Strike
1-2: Ball
2-2: Fly out, F7 (Flyball, 7LM)
Top of the 4th over - 3 runs, 4 hits, 0 errors, 2 left on base; Nebraska 4 - Mancelona 2
BOTTOM OF THE 4TH
Mancelona Torch batting - Pitching for Nebraska Plainsmen : RHP Nate Jackson
Batting: LHB Badry Maksimenov 0-0: Ball
1-0: Ball
2-0: Called Strike
2-1: Foul Ball, location: 2F
2-2: Foul Ball, location: 2F
2-2: SINGLE (Groundball, 34D)
Batting: LHB Xuan-ling Chen 0-0: Ball
1-0: Ball
2-0: Ball
3-0: Base on Balls
Badry Maksimenov to second
Batting: SHB Henrique de Senna Fernandes 0-0: Ball
1-0: Ball
2-0: Called Strike
2-1: Ball
3-1: Fielders Choice at 2nd, 3-6 (Groundball, 3)
Badry Maksimenov to third
Batting: RHB Jur Prokop 0-0: Ball
1-0: Ball
2-0: Called Strike
2-1: Called Strike
2-2: Ball
3-2: Foul Ball, location: 2F
3-2: Foul Ball, location: 2F
3-2: Foul Ball, location: 2F
3-2: Foul Ball, location: 2F
3-2: Fly out, F8 (Flyball, 89D)
Runner from 3rd tags up, SCORES, throw made
Batting: RHB Bryan Uchacz 0-0: Foul Ball, location: 2F
0-1: Called Strike
0-2: Ball
1-2: Ball
2-2: Foul Ball, location: 2F
2-2: Strikes out swinging
Bottom of the 4th over - 1 run, 1 hit, 0 errors, 1 left on base; Nebraska 4 - Mancelona 3
TOP OF THE 5TH
Nebraska Plainsmen batting - Pitching for Mancelona Torch : LHP Otton Brouwer
Batting: SHB Jorge Iglésias 0-0: Called Strike
0-1: Foul Ball, location: 2F
0-2: Fly out, F9 (Line Drive, 9)
Batting: RHB Gary Mosley 0-0: Ball
1-0: Hit by Pitch
Batting: SHB Roger Dorn 0-0: Ball
1-0: Foul Ball, location: 2F
1-1: SINGLE (Groundball, 4D)
Gary Mosley to second
Runner from 2nd tries for 3rd, SAFE, no throw
Batting: RHB Tomas van Noord 0-0: Ball
1-0: Ball
2-0: Grounds into double play, 4-6-3 (Groundball, 4)
Top of the 5th over - 0 runs, 1 hit, 0 errors, 1 left on base; Nebraska 4 - Mancelona 3
BOTTOM OF THE 5TH
Mancelona Torch batting - Pitching for Nebraska Plainsmen : RHP Nate Jackson
Batting: RHB Ratko Ralevic 0-0: Called Strike
0-1: Ball
1-1: Ground out 6-3 (Groundball, 6S)
Batting: RHB Vilhelm Loyen 0-0: Ball
1-0: Ball
2-0: Ball
3-0: Called Strike
3-1: Base on Balls
Batting: SHB Ángel Pérez 0-0: Called Strike
0-1: Ball
1-1: Foul Ball, location: 2F
1-2: Fielders Choice at 2nd, 4-6 (Groundball, 4)
Batting: LHB Marcus Shill 0-0: Foul Ball, location: 2F
0-1: Fielders Choice at 2nd, U4 (Groundball, 4M)
Bottom of the 5th over - 0 runs, 0 hits, 0 errors, 1 left on base; Nebraska 4 - Mancelona 3
TOP OF THE 6TH
Nebraska Plainsmen batting - Pitching for Mancelona Torch : LHP Otton Brouwer
Batting: SHB Amadeo Álvarez 0-0: Ball
1-0: Ball
2-0: Foul Ball, location: 2F
2-1: Foul Ball, location: 2F
2-2: Foul Ball, location: 2F
2-2: Strikes out swinging
Batting: LHB Nathan Housden 0-0: Ball
1-0: Ball
2-0: Ball
3-0: Called Strike
3-1: Foul Ball, location: 2F
3-2: Base on Balls
Pitching: LHP Liangde Chien
Batting: RHB Troy Ross 0-0: Ball
1-0: Called Strike
Nathan Housden is caught stealing 2nd base
1-1: TRIPLE (Line Drive, 8LXD)
Batting: RHB Tatsui Murakami 0-0: Ball
1-0: Ball
2-0: Ball
3-0: Base on Balls
Batting: RHB Diego Martínez 0-0: Swinging Strike
0-1: Called Strike
0-2: SINGLE (Line Drive, 56)
Troy Ross scores
Tatsui Murakami to second
Batting: SHB Jorge Iglésias 0-0: Ball
1-0: Ball
2-0: Ball
3-0: Called Strike
3-1: Foul Ball, location: 2F
3-2: Strikes out swinging
Top of the 6th over - 1 run, 2 hits, 0 errors, 2 left on base; Nebraska 5 - Mancelona 3
BOTTOM OF THE 6TH
Mancelona Torch batting - Pitching for Nebraska Plainsmen : RHP Nate Jackson
Batting: LHB Badry Maksimenov 0-0: Ball
1-0: Swinging Strike
1-1: Ball
2-1: Ball
3-1: Foul Ball, location: 2F
3-2: Strikes out swinging
Batting: LHB Xuan-ling Chen 0-0: Called Strike
0-1: Foul Ball, location: 2F
0-2: Ball
1-2: Strikes out looking
Batting: SHB Henrique de Senna Fernandes 0-0: Called Strike
0-1: Swinging Strike
0-2: Ball
1-2: Ball
2-2: Foul Ball, location: 2F
2-2: Ground out U3 (Groundball, 3)
Bottom of the 6th over - 0 runs, 0 hits, 0 errors, 0 left on base; Nebraska 5 - Mancelona 3
TOP OF THE 7TH
Nebraska Plainsmen batting - Pitching for Mancelona Torch : LHP Liangde Chien
Batting: RHB Gary Mosley 0-0: Ball
1-0: Ball
2-0: Ball
3-0: Base on Balls
Batting: SHB Roger Dorn 0-0: Ball
1-0: Sac Bunt - play at first, batter OUT! 1-4
Gary Mosley to second
Batting: RHB Tomas van Noord 0-0: Called Strike
0-1: Ball
1-1: Ball
2-1: Ball
3-1: Base on Balls
Pinch Hitting: RHB Charles Mackey 0-0: Foul Ball, location: 2F
0-1: Ball
1-1: Ball
2-1: Called Strike
2-2: Strikes out looking
Batting: LHB Nathan Housden 0-0: SINGLE (Groundball, 2R) (infield hit)
Gary Mosley to third
Tomas van Noord to second
Batting: RHB Troy Ross 0-0: Called Strike
0-1: Ball
1-1: Called Strike
1-2: Strikes out looking
Top of the 7th over - 0 runs, 1 hit, 0 errors, 3 left on base; Nebraska 5 - Mancelona 3
BOTTOM OF THE 7TH
Mancelona Torch batting - Pitching for Nebraska Plainsmen : RHP Nate Jackson
Now at SS: Charles Mackey
Batting: RHB Jur Prokop 0-0: Called Strike
0-1: Called Strike
0-2: Strikes out looking
Batting: RHB Bryan Uchacz 0-0: Ball
1-0: Swinging Strike
1-1: Called Strike
1-2: Ground out 1-3 (Groundball, 13)
Batting: RHB Ratko Ralevic 0-0: Called Strike
0-1: Ball
1-1: Called Strike
1-2: Fly out, F8 (Flyball, 78M)
Bottom of the 7th over - 0 runs, 0 hits, 0 errors, 0 left on base; Nebraska 5 - Mancelona 3
TOP OF THE 8TH
Nebraska Plainsmen batting - Pitching for Mancelona Torch : LHP Liangde Chien
Batting: RHB Tatsui Murakami 0-0: Ball
1-0: Ball
2-0: Called Strike
2-1: Ball
3-1: Base on Balls
Batting: RHB Diego Martínez 0-0: Ball
1-0: Foul Ball, location: 2F
1-1: SINGLE (Line Drive, 8LS)
Tatsui Murakami to second
Batting: SHB Jorge Iglésias 0-0: Ball
1-0: Called Strike
1-1: Grounds into double play, 1-6-3 (Groundball, 13S)
Tatsui Murakami to third
Batting: RHB Gary Mosley 0-0: Ball
1-0: Called Strike
1-1: Ground out U3 (Groundball, 34S)
Top of the 8th over - 0 runs, 1 hit, 0 errors, 1 left on base; Nebraska 5 - Mancelona 3
BOTTOM OF THE 8TH
Mancelona Torch batting - Pitching for Nebraska Plainsmen : RHP Nate Jackson
Batting: RHB Vilhelm Loyen 0-0: Ball
1-0: Called Strike
1-1: Ball
2-1: Ground out 6-3 (Groundball, 6)
Batting: SHB Ángel Pérez 0-0: Called Strike
0-1: Foul Ball, location: 2F
0-2: SINGLE (Groundball, 34D)
Pitching: RHP Darrell Bouwhuis
Batting: LHB Marcus Shill 0-0: Called Strike
0-1: Ball
1-1: Fly out, F9 (Line Drive, 9)
Batting: LHB Badry Maksimenov 0-0: Ball
1-0: Ball
2-0: Ground out 1-3 (Groundball, 13S)
Bottom of the 8th over - 0 runs, 1 hit, 0 errors, 1 left on base; Nebraska 5 - Mancelona 3
TOP OF THE 9TH
Nebraska Plainsmen batting - Pitching for Mancelona Torch : LHP Liangde Chien
Batting: SHB Roger Dorn 0-0: Ball
1-0: Ball
2-0: Ball
3-0: Called Strike
3-1: Foul Ball, location: 2F
3-2: Strikes out looking
Batting: RHB Tomas van Noord 0-0: Fly out, F6 (Popup, 6)
Batting: RHB Charles Mackey 0-0: Ball
1-0: Swinging Strike
1-1: Ball
2-1: Ground out 4-3 (Groundball, 4)
Top of the 9th over - 0 runs, 0 hits, 0 errors, 0 left on base; Nebraska 5 - Mancelona 3
BOTTOM OF THE 9TH
Mancelona Torch batting - Pitching for Nebraska Plainsmen : RHP Darrell Bouwhuis
Pitching: RHP Eugenio Pensotti
Batting: LHB Xuan-ling Chen 0-0: Ball
1-0: Swinging Strike
1-1: Ball
2-1: Ball
3-1: Foul Ball, location: 2F
3-2: Base on Balls
Batting: SHB Henrique de Senna Fernandes 0-0: Ball
1-0: Ball
2-0: Foul Ball, location: 2F
2-1: Ball
3-1: SINGLE (Line Drive, 6MD)
Xuan-ling Chen to second
Batting: RHB Jur Prokop 0-0: Sac Bunt - play at third, runner OUT! 1-5
Henrique de Senna Fernandes to second
Batting: RHB Bryan Uchacz 0-0: Foul Ball, location: 2F
0-1: Ball
1-1: Fly out, F9 (Flyball, 89S)
Batting: RHB Ratko Ralevic 0-0: Fly out, F8 (Flyball, 89D)
Bottom of the 9th over - 0 runs, 1 hit, 0 errors, 2 left on base; Nebraska 5 - Mancelona 3
Wednesday, September 19th, 2018 - OOTP Baseball 18.8 Build 76